AoeStats
← Shrinking head turtle

Oasis

507024804Analyzed
4v4 RM · 17d ago on Sep 16, 2026· 18m 43s· 8 players
Game mode
Random Map
Map size
Large (8 player)
Population
200
Speed
Normal
Resources
Standard
Victory
Conquest
Starting age
Dark Age
Ending age
Imperial Age
RankedLock teamsTeams togetherTeam positionsShared explorationLock speedFull tech treeHidden civsTurbo modeCheats
Victory
Defeat
🇩🇪 Goths · Germany
1002
+12
🇬🇧 Vikings · United Kingdom
999
+12
🇲🇽 Malay · Mexico
981
+13
🇪🇸 Ethiopians · Spain
955
+14
🇨🇳 Wu · China
926
-13
🇨🇳 Wei · China
918
-13
🇳🇿 Franks · New Zealand
913
-13
🇨🇳 Khmer · China
905
-12
Lemon5295
11:54 Feudal Age
11:57 Man-at-Arms
14:12 Arson
19:02 Castle Age
adriancornejo84
10:42 Loom
12:27 Feudal Age
16:07 Castle Age
15:34 Scale Barding Armor
16:10 Double-Bit Axe
turok
3:44 Loom
9:48 Feudal Age
10:32 Double-Bit Axe
14:04 Padded Archer Armor
15:52 Fletching
18:28 Gold Mining
18:19 Horse Collar
(Kush)Martinez
0:55 Loom
12:13 Feudal Age
16:27 Castle Age
15:41 Double-Bit Axe
张益达
2:42 Loom
11:20 Feudal Age
13:19 Double-Bit Axe
16:22 Castle Age
14:32 Stone Mining
17:46 Wheelbarrow
On_Codeine
11:22 Feudal Age
13:51 Wheelbarrow
13:04 Double-Bit Axe
Shrinking head turtle
5:25 Loom
12:15 Feudal Age
曾小贤
0:31 Loom
2:59 Loom
9:38 Loom
12:13 Feudal Age
13:15 Double-Bit Axe
16:56 Man-at-Arms
Connection lost

Rejoining the realm…

Still unreachable

The connection could not be restored.

Session expired

The server has moved on; the page needs a fresh start.